River Rats vs Sasquatch
Created - 25 novembre 2014 at 19:16
Goals
|
River Rats |
1 |
2 |
0 |
3 |
Sasquatch |
1 |
2 |
1 |
4 |
|
Shots
|
River Rats |
11 |
14 |
12 |
37 |
Sasquatch |
11 |
11 |
7 |
29 |
|
1st period
1. River Rats , Damien Brunner 19 (Peter Mueller, Brian Dumoulin) at 12:45
2. Sasquatch , Matt Niskanen 3 (Oskar Osala, Stephane Da Costa) at 18:33 (PP)
Penalties :
Matt Niskanen (Gat) for Roughing (Minor) at 1:19, Pavel Valentenko (Alb) for Holding (Minor) at 17:26
2nd period
3. River Rats , Brett Maclean 12 (Kellan Lain, Steve Quailer) at 0:53
4. River Rats , Justin Schultz 2 (Jamie Arniel) at 12:56 (PP)
5. Sasquatch , Jakub Voracek 11 (D.J King, Derek Stepan) at 14:50 (PP)
6. Sasquatch , Derek Stepan 13 (D.J King, Jake Gardiner) at 15:02
Penalties :
Keith Yandle (Gat) for Hooking (Minor) at 11:41, Pavel Valentenko (Alb) for Hooking (Minor) at 14:40, Oskar Osala (Gat) for Interference (Minor) at 15:34, Chris Mcallister (Alb) for Roughing (Minor) at 18:40
3rd period
7. Sasquatch , Josh Bailey 7 (Luke Adam, Keith Yandle) at 16:27 (SH)
Penalties :
Oskar Osala (Gat) for Hooking (Minor) at 6:28, Peter Mueller (Alb) for Hooking (Minor) at 6:45, Matt Niskanen (Gat) for Slashing (Minor) at 14:33, Pavel Valentenko (Alb) for Interference (Minor) at 18:18
Goalie Stats
Braden Holtby (Alb), 25 saves from 29 shots - (0,862), L, 6-7-2, 60:00 minutes
Anders Lindback (Gat), 34 saves from 37 shots - (0,919), W, 7-6-1, 60:00 minutes
Players Stats for River Rats
Player Name G A P +/- PIM S H SB GA TA FO MP PP MP PK MP
------------------------------------------------------------------------------------
Andrej Meszaros 0 0 0 0 0 6 1 3 0 0 0/0 25:30 3:00 4:45
Brett Maclean 1 0 1 1 0 3 1 0 1 0 1/3 16:43 4:02 0:06
Brian Dumoulin 0 1 1 1 0 0 0 1 0 0 0/0 10:46 0:00 0:00
Bryan Rodney 0 0 0 0 0 0 0 0 0 0 0/0 0:00 0:00 0:00
Chris Mcallister 0 0 0 -1 2 3 1 1 1 2 0/3 23:15 3:27 2:24
Damien Brunner 1 0 1 0 0 3 3 0 0 0 1/2 21:09 4:02 0:00
J.T. Brown 0 0 0 0 0 2 0 0 1 0 0/1 6:58 0:00 0:00
Jamie Arniel 0 1 1 -1 0 5 4 0 0 0 8/12 14:38 3:27 0:43
Justin Schultz 1 0 1 -1 0 6 0 0 0 0 0/0 22:57 4:29 0:00
Kellan Lain 0 1 1 1 0 1 4 0 0 0 6/14 17:24 0:00 4:14
Louis Leblanc 0 0 0 0 0 1 1 0 0 0 0/2 7:27 0:00 0:17
Matt Jones 0 0 0 0 0 2 0 2 0 1 0/0 27:02 3:00 4:10
Michael Del Zotto 0 0 0 -1 0 2 1 0 0 0 0/0 19:15 4:29 1:04
Pavel Valentenko 0 0 0 1 6 0 0 0 0 0 0/0 14:27 0:00 0:29
Peter Mueller 0 1 1 0 2 0 3 1 1 0 16/29 20:45 4:01 0:00
Pierre-Cédric Labrie 0 0 0 0 0 0 2 0 0 0 1/1 10:09 0:00 0:40
Steve Quailer 0 1 1 0 0 1 1 0 0 0 0/1 15:51 3:27 0:00
Taylor Beck 0 0 0 0 0 0 0 0 0 0 0/0 9:14 0:00 2:04
Tomas Kubalik 0 0 0 0 0 2 1 0 0 0 0/0 9:29 0:00 0:00
Players Stats for Sasquatch
Player Name G A P +/- PIM S H SB GA TA FO MP PP MP PK MP
------------------------------------------------------------------------------------
Brandon Bochenski 0 0 0 -1 0 8 3 0 0 0 0/2 16:35 1:20 0:47
Cam Atkinson 0 0 0 0 0 2 3 0 1 0 1/1 8:53 0:00 0:00
D.J King 0 2 2 1 0 2 2 1 1 0 1/1 24:39 3:42 4:12
Derek Stepan 1 1 2 1 0 1 1 0 0 0 21/39 22:26 3:50 2:51
Jake Gardiner 0 1 1 1 0 2 2 2 0 0 0/0 30:57 4:11 4:48
Jakub Voracek 1 0 1 1 0 4 5 0 0 0 0/1 19:19 3:50 0:00
Joe Corvo 0 0 0 0 0 2 3 2 0 1 0/0 22:43 4:11 4:54
Josh Bailey 1 0 1 0 0 4 2 0 0 0 4/4 12:06 0:00 0:31
Keith Yandle 0 1 1 0 2 0 1 1 1 1 0/0 22:43 0:00 2:30
Kyle Clifford 0 0 0 0 0 0 0 0 0 0 0/0 11:17 0:12 1:59
Luke Adam 0 1 1 0 0 0 0 0 0 0 0/3 8:17 0:00 0:10
Matt Frattin 0 0 0 -1 0 0 1 1 0 0 0/0 7:36 0:00 0:00
Matt Niskanen 1 0 1 -1 4 1 4 0 0 1 0/0 16:29 1:03 1:00
Nick Leddy 0 0 0 1 0 1 0 0 0 0 0/0 14:21 1:03 1:46
Oskar Osala 0 1 1 -1 4 2 2 0 0 0 1/1 15:45 1:24 0:47
Stephane Da Costa 0 1 1 -1 0 0 2 0 0 0 4/10 19:10 1:24 2:29
Tyler Johnson 0 0 0 0 0 0 0 1 0 0 3/6 4:21 0:00 1:12
Yann Sauvé 0 0 0 -1 0 0 2 0 0 1 0/0 13:07 0:00 0:00
3 Stars
1 - Jakub Voracek (Gat)
2 - Derek Stepan (Gat)
3 - D.J King (Gat)
Power Play
River Rats - 1 on 5 Attempt(s) - 20,00%
Sasquatch - 2 on 5 Attempt(s) - 40,00%
Penalty Kill
River Rats - 3 on 5 Attempt(s) - 60,00%
- Score 0 goal in Penalty Kill
Sasquatch - 4 on 5 Attempt(s) - 80,00%
- Score 1 goal in Penalty Kill
Official
Referees : Martell Rob and L'Ecuyer Frederick
Linesman : Steve Miller and Ryan Galloway
Game Notes
Tyler Johnson is injured at 15:00 of 1st period (Bruised Right Leg)
Finance
Level 1 -- Attendance: 1421 (71,05%) -- Ticket Income 49 735 $
Level 2 -- Attendance: 764 (76,40%) -- Ticket Income 11 460 $
Total Attendance: 2185 (72,83%)
Total Ticket Income: 61 195 $
Other Income: 3 060 $
Total Income: 64 255 $
River Rats
5 vs 5 Forward
Center Left Wing Right Wing Time % Phy DF OF
1 Peter Mueller Chris Mcallister Damien Brunner 40 1 2 2
2 Kellan Lain Brett Maclean Steve Quailer 30 1 2 2
3 Jamie Arniel Pierre-Cédric Labrie Tomas Kubalik 20 1 2 2
4 Louis Leblanc Taylor Beck J.T. Brown 10 1 2 2
5 vs 5 Defense
Defense Defense Time % Phy DF OF
1 Matt Jones Justin Schultz 40 1 2 2
2 Andrej Meszaros Michael Del Zotto 30 1 2 2
3 Brian Dumoulin Pavel Valentenko 20 1 2 2
4 Andrej Meszaros Pavel Valentenko 10 1 2 2
PowerPlay Forward
Center Left Wing Right Wing Time % Phy DF OF
1 Peter Mueller Brett Maclean Damien Brunner 60 1 2 2
2 Jamie Arniel Chris Mcallister Steve Quailer 40 1 2 2
PowerPlay Defense
Defense Defense Time % Phy DF OF
1 Justin Schultz Michael Del Zotto 60 1 2 2
2 Andrej Meszaros Matt Jones 40 1 2 2
Penalty Kill 4 Players Forward
Center Wing Time % Phy DF OF
1 Kellan Lain Chris Mcallister 60 1 2 2
2 Jamie Arniel Pierre-Cédric Labrie 40 1 2 2
Penalty Kill 4 Players Defense
Defense Defense Time % Phy DF OF
1 Andrej Meszaros Matt Jones 60 1 2 2
2 Pavel Valentenko Michael Del Zotto 40 1 2 2
Penalty Kill - 3 Players Forward
Forward Time % Phy DF OF
1 Chris Mcallister 60 1 2 2
2 Jamie Arniel 40 1 2 2
Penalty Kill - 3 Players Defense
Defense Defense Time % Phy DF OF
1 Andrej Meszaros Matt Jones 60 1 2 2
2 Andrej Meszaros Michael Del Zotto 40 1 2 2
4 vs 4 Forward
Center Wing Time % Phy DF OF
1 Jamie Arniel Chris Mcallister 60 1 2 2
2 Peter Mueller Damien Brunner 40 1 2 2
4 vs 4 Defense
Defense Defense Time % Phy DF OF
1 Justin Schultz Matt Jones 60 1 2 2
2 Andrej Meszaros Michael Del Zotto 40 1 2 2
Last Minutes Offensive
Center Left Wing Right Wing Defense Defense
Peter Mueller Chris Mcallister Damien Brunner Andrej Meszaros Justin Schultz
Last Minutes Defensive
Center Left Wing Right Wing Defense Defense
Peter Mueller Chris Mcallister Damien Brunner Andrej Meszaros Matt Jones
Goaltenders
Starting : Braden Holtby
Backup : Allen York
Extra Forwards
Normal : Kellan Lain, Chris Mcallister, Pierre-Cédric Labrie - PP : Kellan Lain, Tomas Kubalik - PK : Chris Mcallister
Extra Defensemen
Normal : Pavel Valentenko, Michael Del Zotto, Brian Dumoulin - PP : Brian Dumoulin - PK : Pavel Valentenko, Andrej Meszaros
Penalty Shots
Brett Maclean, Chris Mcallister, Damien Brunner, Peter Mueller, Pierre-Cédric Labrie
Sasquatch
5 vs 5 Forward
Center Left Wing Right Wing Time % Phy DF OF
1 Derek Stepan D.J King Jakub Voracek 40 1 2 2
2 Tyler Johnson Oskar Osala Brandon Bochenski 30 1 2 2
3 Stephane Da Costa Kyle Clifford Cam Atkinson 20 1 2 2
4 Luke Adam Josh Bailey Matt Frattin 10 1 2 2
5 vs 5 Defense
Defense Defense Time % Phy DF OF
1 Keith Yandle Jake Gardiner 40 1 2 2
2 Matt Niskanen Yann Sauvé 30 1 2 2
3 Joe Corvo Nick Leddy 20 1 2 2
4 Joe Corvo Jake Gardiner 10 1 2 2
PowerPlay Forward
Center Left Wing Right Wing Time % Phy DF OF
1 Derek Stepan D.J King Jakub Voracek 60 1 2 2
2 Tyler Johnson Oskar Osala Brandon Bochenski 40 1 2 2
PowerPlay Defense
Defense Defense Time % Phy DF OF
1 Joe Corvo Jake Gardiner 60 1 2 2
2 Matt Niskanen Nick Leddy 40 1 2 2
Penalty Kill 4 Players Forward
Center Wing Time % Phy DF OF
1 Tyler Johnson D.J King 60 1 2 2
2 Brandon Bochenski Oskar Osala 40 1 2 2
Penalty Kill 4 Players Defense
Defense Defense Time % Phy DF OF
1 Joe Corvo Jake Gardiner 60 1 2 2
2 Matt Niskanen Keith Yandle 40 1 2 2
Penalty Kill - 3 Players Forward
Forward Time % Phy DF OF
1 Tyler Johnson 60 1 2 2
2 D.J King 40 1 2 2
Penalty Kill - 3 Players Defense
Defense Defense Time % Phy DF OF
1 Joe Corvo Jake Gardiner 60 1 2 2
2 Matt Niskanen Keith Yandle 40 1 2 2
4 vs 4 Forward
Center Wing Time % Phy DF OF
1 Tyler Johnson D.J King 60 1 2 2
2 Derek Stepan Jakub Voracek 40 1 2 2
4 vs 4 Defense
Defense Defense Time % Phy DF OF
1 Joe Corvo Jake Gardiner 60 1 2 2
2 Matt Niskanen Keith Yandle 40 1 2 2
Last Minutes Offensive
Center Left Wing Right Wing Defense Defense
Derek Stepan D.J King Jakub Voracek Joe Corvo Jake Gardiner
Last Minutes Defensive
Center Left Wing Right Wing Defense Defense
Tyler Johnson D.J King Jakub Voracek Joe Corvo Jake Gardiner
Goaltenders
Starting : Anders Lindback
Backup : Marek Schwarz
Extra Forwards
Normal : Brandon Bochenski, Stephane Da Costa, Josh Bailey - PP : Brandon Bochenski, Stephane Da Costa - PK : Derek Stepan
Extra Defensemen
Normal : Yann Sauvé, Nick Leddy, Matt Niskanen - PP : Yann Sauvé - PK : Nick Leddy, Matt Niskanen
Penalty Shots
Cam Atkinson, Oskar Osala, Brandon Bochenski, Joe Corvo, Matt Frattin
% Time on Ice - River Rats
Lines # - Real PCT - Wanted PCT - Time Play
Normal Forward
1 - 37% - 40% - 16:44
2 - 27% - 30% - 12:24
3 - 21% - 20% - 9:29
4 - 15% - 10% - 6:58
Normal Defense
1 - 39% - 40% - 17:49
2 - 31% - 30% - 13:55
3 - 24% - 20% - 10:46
4 - 7% - 10% - 3:05
PP Forward
1 - 54% - 60% - 4:02
2 - 46% - 40% - 3:27
PP Defense
1 - 60% - 60% - 4:29
2 - 40% - 40% - 3:00
PK Forward
1 - 87% - 60% - 4:34
2 - 13% - 40% - 0:40
PK Defense
1 - 80% - 60% - 4:10
2 - 20% - 40% - 1:04
PK3 Forward
1 - 0% - 60%
2 - 0% - 40%
PK3 Defense
1 - 0% - 60%
2 - 0% - 40%
44 Forward
1 - 66% - 60% - 1:07
2 - 34% - 40% - 0:35
44 Defense
1 - 56% - 60% - 0:57
2 - 44% - 40% - 0:45
Last Minute Offensive - 0:00
Last Minute Defensive - 0:00
Total
Forward - 60:00
Defense - 60:00
|
% Time on Ice - Sasquatch
Lines # - Real PCT - Wanted PCT - Time Play
Normal Forward
1 - 34% - 40% - 15:31
2 - 30% - 30% - 13:35
3 - 19% - 20% - 8:53
4 - 17% - 10% - 7:36
Normal Defense
1 - 41% - 40% - 18:38
2 - 31% - 30% - 14:12
3 - 23% - 20% - 10:28
4 - 5% - 10% - 2:17
PP Forward
1 - 75% - 60% - 3:54
2 - 25% - 40% - 1:20
PP Defense
1 - 80% - 60% - 4:11
2 - 20% - 40% - 1:03
PK Forward
1 - 90% - 60% - 6:42
2 - 10% - 40% - 0:47
PK Defense
1 - 63% - 60% - 4:43
2 - 37% - 40% - 2:46
PK3 Forward
1 - 0% - 60%
2 - 0% - 40%
PK3 Defense
1 - 0% - 60%
2 - 0% - 40%
44 Forward
1 - 100% - 60% - 1:42
2 - 0% - 40% - 0:00
44 Defense
1 - 62% - 60% - 1:03
2 - 38% - 40% - 0:39
Last Minute Offensive - 0:00
Last Minute Defensive - 0:00
Total
Forward - 60:00
Defense - 60:00
|
Play by Play
1st period
0:01 of 1st period - Derek Stepan wins face-off versus Peter Mueller in neutral zone.
0:04 of 1st period - Matt Jones is hit by Jakub Voracek and loses puck.
0:16 of 1st period - Wrist shot by D.J King.
0:16 of 1st period - Deflect By Jakub Voracek.
0:16 of 1st period - Stopped by Braden Holtby with a rebound.
0:26 of 1st period - Justin Schultz is hit by Brandon Bochenski and loses puck.
0:47 of 1st period - Andrej Meszaros is hit by Brandon Bochenski.
0:55 of 1st period - Wrist shot by Brandon Bochenski.
0:55 of 1st period - Shot Blocked by Andrej Meszaros.
0:57 of 1st period - Wrist shot by Brandon Bochenski.
0:57 of 1st period - Stopped by Braden Holtby without a rebound.
0:58 of 1st period - Cam Atkinson wins face-off versus Jamie Arniel in River Rats zone.
1:13 of 1st period - Snap shot by Jamie Arniel.
1:13 of 1st period - Stopped by Anders Lindback with a rebound.
1:19 of 1st period - Minor Penalty to Matt Niskanen for Roughing.
1:20 of 1st period - Peter Mueller wins face-off versus Tyler Johnson in Sasquatch zone.
1:34 of 1st period - Wrist shot by Damien Brunner.
1:34 of 1st period - Stopped by Anders Lindback with a rebound.
1:46 of 1st period - Michael Del Zotto is hit by Brandon Bochenski and loses puck.
1:53 of 1st period - Slapshot by Justin Schultz.
1:53 of 1st period - Stopped by Anders Lindback without a rebound.
1:54 of 1st period - Peter Mueller wins face-off versus Tyler Johnson in Sasquatch zone.
3:14 of 1st period - Icing by Peter Mueller.
3:15 of 1st period - Tyler Johnson wins face-off versus Peter Mueller in River Rats zone.
3:19 of 1st period - Penalty to Matt Niskanen is over, Matt Niskanen is back on ice.
3:54 of 1st period - Cam Atkinson is hit by Jamie Arniel and loses puck.
4:30 of 1st period - Snap shot by Brett Maclean.
4:30 of 1st period - Stopped by Anders Lindback without a rebound.
4:31 of 1st period - Kellan Lain wins face-off versus Tyler Johnson in Sasquatch zone.
4:36 of 1st period - Wrist shot by Steve Quailer.
4:36 of 1st period - Shot Blocked by Tyler Johnson.
4:38 of 1st period - Slapshot by Andrej Meszaros.
4:38 of 1st period - Stopped by Anders Lindback without a rebound.
4:39 of 1st period - Tyler Johnson wins face-off versus Kellan Lain in Sasquatch zone.
4:39 of 1st period - Tyler Johnson is hit by Kellan Lain.
5:25 of 1st period - Icing by Michael Del Zotto.
5:26 of 1st period - Jamie Arniel wins face-off versus Stephane Da Costa in River Rats zone.
5:38 of 1st period - Icing by Kyle Clifford.
5:39 of 1st period - Peter Mueller wins face-off versus Stephane Da Costa in Sasquatch zone.
6:49 of 1st period - Wrist shot by Cam Atkinson.
6:49 of 1st period - Shot Misses the Net.
6:51 of 1st period - Wrist shot by Kyle Clifford.
6:51 of 1st period - Shot Misses the Net.
6:53 of 1st period - Slapshot by Keith Yandle.
6:53 of 1st period - Shot Misses the Net.
6:55 of 1st period - Snap shot by Stephane Da Costa.
6:55 of 1st period - Shot Misses the Net.
6:57 of 1st period - Slapshot by Kyle Clifford.
6:57 of 1st period - Shot Misses the Net.
6:59 of 1st period - Wrist shot by Cam Atkinson.
6:59 of 1st period - Stopped by Braden Holtby without a rebound.
7:00 of 1st period - Derek Stepan wins face-off versus Kellan Lain in River Rats zone.
7:01 of 1st period - Wrist shot by D.J King.
7:01 of 1st period - Shot Misses the Net.
7:03 of 1st period - Wrist shot by D.J King.
7:03 of 1st period - Shot Misses the Net.
7:05 of 1st period - Slapshot by Joe Corvo.
7:05 of 1st period - Stopped by Braden Holtby with a rebound.
7:41 of 1st period - Pierre-Cédric Labrie is hit by Matt Niskanen.
7:51 of 1st period - Michael Del Zotto is hit by Matt Niskanen and loses puck.
8:13 of 1st period - Derek Stepan is hit by Brett Maclean and loses puck.
8:18 of 1st period - Slapshot by Michael Del Zotto.
8:18 of 1st period - Deflect By Joe Corvo.
8:18 of 1st period - Stopped by Anders Lindback with a rebound.
8:32 of 1st period - Joe Corvo is hit by Pierre-Cédric Labrie and loses puck.
9:10 of 1st period - Tyler Johnson is hit by Andrej Meszaros and loses puck.
10:14 of 1st period - Steve Quailer is hit by Cam Atkinson and loses puck.
10:26 of 1st period - Off-side.
10:27 of 1st period - Jamie Arniel wins face-off versus Luke Adam in neutral zone.
10:40 of 1st period - Pierre-Cédric Labrie is hit by Yann Sauvé and loses puck.
11:37 of 1st period - Michael Del Zotto is hit by Joe Corvo and loses puck.
11:44 of 1st period - Snap shot by J.T. Brown.
11:44 of 1st period - Stopped by Anders Lindback without a rebound.
11:45 of 1st period - Derek Stepan wins face-off versus Damien Brunner in Sasquatch zone.
12:10 of 1st period - Snap shot by Josh Bailey.
12:10 of 1st period - Stopped by Braden Holtby with a rebound.
12:45 of 1st period - Snap shot by Damien Brunner.
12:45 of 1st period - Goal by Damien Brunner - River Rats : 1 - Sasquatch : 0.
12:46 of 1st period - Brett Maclean wins face-off versus Derek Stepan in neutral zone.
13:45 of 1st period - Slapshot by Matt Jones.
13:45 of 1st period - Deflect By J.T. Brown.
13:45 of 1st period - Shot Hit the Post.
13:45 of 1st period - Puck is out of play.
13:46 of 1st period - Peter Mueller wins face-off versus Derek Stepan in Sasquatch zone.
14:40 of 1st period - Wrist shot by Josh Bailey.
14:40 of 1st period - Stopped by Braden Holtby with a rebound.
14:42 of 1st period - Slapshot by Jake Gardiner.
14:42 of 1st period - Shot Misses the Net.
14:58 of 1st period - Snap shot by Jamie Arniel.
14:58 of 1st period - Stopped by Anders Lindback without a rebound.
14:59 of 1st period - Tyler Johnson wins face-off versus Jamie Arniel in Sasquatch zone.
14:59 of 1st period - Tyler Johnson is hit by Tomas Kubalik.
15:00 of 1st period - Tyler Johnson from Sasquatch is injured at 15:00 of 1st period (Bruised Right Leg).
15:01 of 1st period - Derek Stepan wins face-off versus Chris Mcallister in Sasquatch zone.
15:01 of 1st period - Derek Stepan is hit by Chris Mcallister.
15:11 of 1st period - Snap shot by Joe Corvo.
15:11 of 1st period - Stopped by Braden Holtby without a rebound.
15:12 of 1st period - Peter Mueller wins face-off versus Derek Stepan in River Rats zone.
15:12 of 1st period - Peter Mueller is hit by Jakub Voracek.
15:57 of 1st period - Matt Jones is hit by Josh Bailey and loses puck.
16:16 of 1st period - Tomas Kubalik is hit by Matt Niskanen.
16:52 of 1st period - Slapshot by Matt Jones.
16:52 of 1st period - Deflect By Taylor Beck.
16:52 of 1st period - Shot Misses the Net.
16:52 of 1st period - Puck is out of play.
16:53 of 1st period - Josh Bailey wins face-off versus Louis Leblanc in Sasquatch zone.
16:53 of 1st period - Josh Bailey is hit by Michael Del Zotto.
17:08 of 1st period - Wrist shot by Brandon Bochenski.
17:08 of 1st period - Stopped by Braden Holtby without a rebound.
17:09 of 1st period - Derek Stepan wins face-off versus Peter Mueller in River Rats zone.
17:24 of 1st period - Wrist shot by Derek Stepan.
17:24 of 1st period - Shot Blocked by Chris Mcallister.
17:26 of 1st period - Minor Penalty to Pavel Valentenko for Holding.
17:27 of 1st period - Derek Stepan wins face-off versus Kellan Lain in River Rats zone.
18:00 of 1st period - Slapshot by Brandon Bochenski.
18:00 of 1st period - Stopped by Braden Holtby without a rebound.
18:01 of 1st period - Kellan Lain wins face-off versus Derek Stepan in River Rats zone.
18:01 of 1st period - Kellan Lain is hit by Matt Niskanen.
18:31 of 1st period - Snap shot by Oskar Osala.
18:31 of 1st period - Stopped by Braden Holtby with a rebound.
18:33 of 1st period - Snap shot by Matt Niskanen.
18:33 of 1st period - Goal by Matt Niskanen - River Rats : 1 - Sasquatch : 1.
18:34 of 1st period - Peter Mueller wins face-off versus Derek Stepan in neutral zone.
18:39 of 1st period - Snap shot by Damien Brunner.
18:39 of 1st period - Shot Blocked by D.J King.
18:41 of 1st period - Snap shot by Chris Mcallister.
18:41 of 1st period - Stopped by Anders Lindback with a rebound.
18:59 of 1st period - Steve Quailer is hit by Stephane Da Costa and loses puck.
19:05 of 1st period - Icing by Kellan Lain.
19:06 of 1st period - Stephane Da Costa wins face-off versus Kellan Lain in River Rats zone.
19:25 of 1st period - Icing by Matt Niskanen.
19:26 of 1st period - Peter Mueller wins face-off versus Stephane Da Costa in Sasquatch zone.
19:33 of 1st period - Snap shot by Chris Mcallister.
19:33 of 1st period - Shot Misses the Net.
19:35 of 1st period - Slapshot by Andrej Meszaros.
19:35 of 1st period - Stopped by Anders Lindback with a rebound.
19:37 of 1st period - Wrist shot by Peter Mueller.
19:37 of 1st period - Shot Misses the Net.
19:39 of 1st period - Wrist shot by Peter Mueller.
19:39 of 1st period - Shot Misses the Net.
19:41 of 1st period - Slapshot by Andrej Meszaros.
19:41 of 1st period - Shot Misses the Net.
Goals for this period are 1 for River Rats vs 1 for Sasquatch.
Shots for this period are 11 for River Rats vs 11 for Sasquatch.
2nd period
0:01 of 2nd period - Peter Mueller wins face-off versus Derek Stepan in neutral zone.
0:26 of 2nd period - Oskar Osala is hit by Kellan Lain and loses puck.
0:32 of 2nd period - Icing by Jake Gardiner.
0:33 of 2nd period - Kellan Lain wins face-off versus Stephane Da Costa in Sasquatch zone.
0:53 of 2nd period - Snap shot by Brett Maclean.
0:53 of 2nd period - Goal by Brett Maclean - River Rats : 2 - Sasquatch : 1.
0:54 of 2nd period - Peter Mueller wins face-off versus Derek Stepan in neutral zone.
0:56 of 2nd period - Off-side.
0:57 of 2nd period - Peter Mueller wins face-off versus Jakub Voracek in neutral zone.
1:02 of 2nd period - Snap shot by Chris Mcallister.
1:02 of 2nd period - Shot Misses the Net.
2:32 of 2nd period - Cam Atkinson is hit by Jamie Arniel and loses puck.
3:00 of 2nd period - Off-side.
3:01 of 2nd period - Damien Brunner wins face-off versus Derek Stepan in neutral zone.
3:06 of 2nd period - Wrist shot by Damien Brunner.
3:06 of 2nd period - Stopped by Anders Lindback with a rebound.
3:47 of 2nd period - Matt Niskanen is hit by Jamie Arniel and loses puck.
4:00 of 2nd period - Slapshot by Jakub Voracek.
4:00 of 2nd period - Shot Misses the Net.
4:12 of 2nd period - Wrist shot by Jamie Arniel.
4:12 of 2nd period - Stopped by Anders Lindback with a rebound.
4:14 of 2nd period - Slapshot by Andrej Meszaros.
4:14 of 2nd period - Stopped by Anders Lindback with a rebound.
4:16 of 2nd period - Snap shot by Chris Mcallister.
4:16 of 2nd period - Stopped by Anders Lindback with a rebound.
4:33 of 2nd period - Slapshot by Matt Jones.
4:33 of 2nd period - Deflect By Keith Yandle.
4:33 of 2nd period - Stopped by Anders Lindback with a rebound.
4:35 of 2nd period - Wrist shot by Louis Leblanc.
4:35 of 2nd period - Stopped by Anders Lindback with a rebound.
4:37 of 2nd period - Slapshot by Justin Schultz.
4:37 of 2nd period - Deflect By Oskar Osala.
4:37 of 2nd period - Stopped by Anders Lindback with a rebound.
4:39 of 2nd period - Wrist shot by J.T. Brown.
4:39 of 2nd period - Stopped by Anders Lindback with a rebound.
4:59 of 2nd period - Snap shot by D.J King.
4:59 of 2nd period - Shot Misses the Net.
5:13 of 2nd period - Peter Mueller is hit by Josh Bailey and loses puck.
5:23 of 2nd period - Slapshot by Josh Bailey.
5:23 of 2nd period - Stopped by Braden Holtby with a rebound.
5:25 of 2nd period - Snap shot by Jake Gardiner.
5:25 of 2nd period - Stopped by Braden Holtby with a rebound.
7:21 of 2nd period - Kellan Lain is hit by Cam Atkinson and loses puck.
7:59 of 2nd period - Michael Del Zotto is hit by Oskar Osala and loses puck.
8:17 of 2nd period - Michael Del Zotto is hit by Keith Yandle and loses puck.
8:28 of 2nd period - Wrist shot by Cam Atkinson.
8:28 of 2nd period - Stopped by Braden Holtby with a rebound.
9:51 of 2nd period - Justin Schultz is hit by Cam Atkinson and loses puck.
10:12 of 2nd period - Icing by Matt Jones.
10:13 of 2nd period - Peter Mueller wins face-off versus Luke Adam in River Rats zone.
10:28 of 2nd period - Snap shot by Brett Maclean.
10:28 of 2nd period - Stopped by Anders Lindback without a rebound.
10:29 of 2nd period - Derek Stepan wins face-off versus Chris Mcallister in Sasquatch zone.
10:29 of 2nd period - Derek Stepan is hit by Damien Brunner.
10:34 of 2nd period - Joe Corvo is hit by Peter Mueller and loses puck.
10:41 of 2nd period - Joe Corvo is hit by Damien Brunner and loses puck.
10:54 of 2nd period - Snap shot by Jamie Arniel.
10:54 of 2nd period - Shot Misses the Net.
11:01 of 2nd period - Wrist shot by D.J King.
11:01 of 2nd period - Stopped by Braden Holtby without a rebound.
11:02 of 2nd period - Stephane Da Costa wins face-off versus Peter Mueller in River Rats zone.
11:05 of 2nd period - Snap shot by Brandon Bochenski.
11:05 of 2nd period - Stopped by Braden Holtby without a rebound.
11:06 of 2nd period - Stephane Da Costa wins face-off versus Peter Mueller in River Rats zone.
11:09 of 2nd period - Wrist shot by Brandon Bochenski.
11:09 of 2nd period - Stopped by Braden Holtby with a rebound.
11:41 of 2nd period - Minor Penalty to Keith Yandle for Hooking.
11:42 of 2nd period - Jamie Arniel wins face-off versus Derek Stepan in Sasquatch zone.
11:42 of 2nd period - Slapshot by Michael Del Zotto.
11:42 of 2nd period - Deflect By Chris Mcallister.
11:42 of 2nd period - Shot Misses the Net.
11:42 of 2nd period - Puck is out of play.
11:43 of 2nd period - Derek Stepan wins face-off versus Jamie Arniel in Sasquatch zone.
11:54 of 2nd period - Snap shot by Justin Schultz.
11:54 of 2nd period - Shot Blocked by Joe Corvo.
11:56 of 2nd period - Snap shot by Jamie Arniel.
11:56 of 2nd period - Deflect By Steve Quailer.
11:56 of 2nd period - Stopped by Anders Lindback without a rebound.
11:57 of 2nd period - Derek Stepan wins face-off versus Brett Maclean in Sasquatch zone.
12:22 of 2nd period - Justin Schultz is hit by Stephane Da Costa and loses puck.
12:41 of 2nd period - Snap shot by Derek Stepan.
12:41 of 2nd period - Shot Blocked by Peter Mueller.
12:52 of 2nd period - Off-side.
12:53 of 2nd period - Jamie Arniel wins face-off versus Stephane Da Costa in neutral zone.
12:56 of 2nd period - Snap shot by Justin Schultz.
12:56 of 2nd period - Goal by Justin Schultz - River Rats : 3 - Sasquatch : 1.
12:57 of 2nd period - Derek Stepan wins face-off versus Peter Mueller in neutral zone.
13:00 of 2nd period - Slapshot by D.J King.
13:00 of 2nd period - Deflect By Jakub Voracek.
13:00 of 2nd period - Stopped by Braden Holtby without a rebound.
13:01 of 2nd period - Derek Stepan wins face-off versus Peter Mueller in River Rats zone.
13:02 of 2nd period - Wrist shot by Jakub Voracek.
13:02 of 2nd period - Shot Misses the Net.
13:46 of 2nd period - Wrist shot by Jamie Arniel.
13:46 of 2nd period - Shot Blocked by Matt Frattin.
13:48 of 2nd period - Snap shot by Jamie Arniel.
13:48 of 2nd period - Stopped by Anders Lindback with a rebound.
13:50 of 2nd period - Wrist shot by Tomas Kubalik.
13:50 of 2nd period - Stopped by Anders Lindback with a rebound.
13:52 of 2nd period - Slapshot by Andrej Meszaros.
13:52 of 2nd period - Shot Misses the Net.
13:56 of 2nd period - Slapshot by Andrej Meszaros.
13:56 of 2nd period - Shot Blocked by Jake Gardiner.
14:10 of 2nd period - Wrist shot by Jakub Voracek.
14:10 of 2nd period - Shot Blocked by Andrej Meszaros.
14:40 of 2nd period - Minor Penalty to Pavel Valentenko for Hooking.
14:41 of 2nd period - Kellan Lain wins face-off versus Derek Stepan in River Rats zone.
14:50 of 2nd period - Wrist shot by D.J King.
14:50 of 2nd period - Deflect By Jakub Voracek.
14:50 of 2nd period - Goal by Jakub Voracek - River Rats : 3 - Sasquatch : 2.
14:51 of 2nd period - Derek Stepan wins face-off versus Peter Mueller in neutral zone.
14:56 of 2nd period - Wrist shot by Jakub Voracek.
14:56 of 2nd period - Stopped by Braden Holtby with a rebound.
14:58 of 2nd period - Slapshot by Jake Gardiner.
14:58 of 2nd period - Stopped by Braden Holtby with a rebound.
15:00 of 2nd period - Slapshot by D.J King.
15:00 of 2nd period - Shot Misses the Net.
15:02 of 2nd period - Wrist shot by Derek Stepan.
15:02 of 2nd period - Goal by Derek Stepan - River Rats : 3 - Sasquatch : 3.
15:03 of 2nd period - Peter Mueller wins face-off versus Derek Stepan in neutral zone.
15:24 of 2nd period - Chris Mcallister is hit by Jakub Voracek and loses puck.
15:34 of 2nd period - Minor Penalty to Oskar Osala for Interference.
15:35 of 2nd period - Derek Stepan wins face-off versus Peter Mueller in Sasquatch zone.
15:47 of 2nd period - Slapshot by Justin Schultz.
15:47 of 2nd period - Shot Blocked by Jake Gardiner.
15:49 of 2nd period - Wrist shot by Peter Mueller.
15:49 of 2nd period - Shot Blocked by Joe Corvo.
15:51 of 2nd period - Snap shot by Damien Brunner.
15:51 of 2nd period - Shot Hit the Post.
16:01 of 2nd period - Jamie Arniel is hit by Jake Gardiner and loses puck.
17:34 of 2nd period - Penalty to Oskar Osala is over, Oskar Osala is back on ice.
17:40 of 2nd period - Slapshot by Oskar Osala.
17:40 of 2nd period - Deflect By J.T. Brown.
17:40 of 2nd period - Shot Misses the Net.
17:40 of 2nd period - Puck is out of play.
17:41 of 2nd period - Josh Bailey wins face-off versus Louis Leblanc in River Rats zone.
17:53 of 2nd period - Pavel Valentenko is hit by Joe Corvo and loses puck.
18:06 of 2nd period - Pierre-Cédric Labrie is hit by Jakub Voracek and loses puck.
18:40 of 2nd period - Minor Penalty to Chris Mcallister for Roughing.
18:41 of 2nd period - Kellan Lain wins face-off versus Derek Stepan in River Rats zone.
19:01 of 2nd period - Taylor Beck is hit by D.J King.
19:16 of 2nd period - Snap shot by Jakub Voracek.
19:16 of 2nd period - Shot Blocked by Matt Jones.
19:44 of 2nd period - Wrist shot by Jakub Voracek.
19:44 of 2nd period - Shot Blocked by Andrej Meszaros.
19:46 of 2nd period - Snap shot by D.J King.
19:46 of 2nd period - Shot Blocked by Matt Jones.
Goals for this period are 2 for River Rats vs 2 for Sasquatch.
Shots for this period are 14 for River Rats vs 11 for Sasquatch.
3rd period
0:01 of 3rd period - Kellan Lain wins face-off versus Derek Stepan in neutral zone.
0:14 of 3rd period - Andrej Meszaros is hit by Derek Stepan and loses puck.
0:39 of 3rd period - Icing by Jake Gardiner.
0:40 of 3rd period - Penalty to Chris Mcallister is over, Chris Mcallister is back on ice.
0:40 of 3rd period - Derek Stepan wins face-off versus Peter Mueller in Sasquatch zone.
0:44 of 3rd period - Icing by Joe Corvo.
0:45 of 3rd period - Peter Mueller wins face-off versus Derek Stepan in Sasquatch zone.
1:10 of 3rd period - Jake Gardiner is hit by Steve Quailer and loses puck.
1:33 of 3rd period - Justin Schultz is hit by Yann Sauvé and loses puck.
1:59 of 3rd period - Slapshot by Matt Jones.
1:59 of 3rd period - Stopped by Anders Lindback with a rebound.
2:03 of 3rd period - Slapshot by Justin Schultz.
2:03 of 3rd period - Deflect By Jakub Voracek.
2:03 of 3rd period - Stopped by Anders Lindback with a rebound.
2:15 of 3rd period - Slapshot by Chris Mcallister.
2:15 of 3rd period - Stopped by Anders Lindback without a rebound.
2:16 of 3rd period - Stephane Da Costa wins face-off versus Peter Mueller in Sasquatch zone.
2:32 of 3rd period - Slapshot by Andrej Meszaros.
2:32 of 3rd period - Stopped by Anders Lindback with a rebound.
2:34 of 3rd period - Slapshot by Andrej Meszaros.
2:34 of 3rd period - Deflect By Jake Gardiner.
2:34 of 3rd period - Stopped by Anders Lindback without a rebound.
2:35 of 3rd period - Derek Stepan wins face-off versus Kellan Lain in Sasquatch zone.
2:35 of 3rd period - Derek Stepan is hit by Kellan Lain.
2:47 of 3rd period - Slapshot by Nick Leddy.
2:47 of 3rd period - Stopped by Braden Holtby with a rebound.
3:06 of 3rd period - Snap shot by Brandon Bochenski.
3:06 of 3rd period - Stopped by Braden Holtby with a rebound.
3:08 of 3rd period - Snap shot by Oskar Osala.
3:08 of 3rd period - Deflect By Stephane Da Costa.
3:08 of 3rd period - Shot Blocked by Brian Dumoulin.
3:08 of 3rd period - Puck is out of play.
3:09 of 3rd period - Oskar Osala wins face-off versus Chris Mcallister in River Rats zone.
3:42 of 3rd period - Slapshot by Oskar Osala.
3:42 of 3rd period - Stopped by Braden Holtby with a rebound.
3:44 of 3rd period - Wrist shot by Stephane Da Costa.
3:44 of 3rd period - Deflect By Oskar Osala.
3:44 of 3rd period - Shot Hit the Post.
3:44 of 3rd period - Puck is out of play.
3:45 of 3rd period - Derek Stepan wins face-off versus Peter Mueller in River Rats zone.
4:23 of 3rd period - Michael Del Zotto is hit by Matt Frattin.
4:35 of 3rd period - Keith Yandle is hit by Pierre-Cédric Labrie.
4:41 of 3rd period - Snap shot by Stephane Da Costa.
4:41 of 3rd period - Shot Misses the Net.
4:47 of 3rd period - Pierre-Cédric Labrie is hit by Joe Corvo and loses puck.
5:17 of 3rd period - Wrist shot by Justin Schultz.
5:17 of 3rd period - Stopped by Anders Lindback with a rebound.
5:19 of 3rd period - Slapshot by Justin Schultz.
5:19 of 3rd period - Stopped by Anders Lindback without a rebound.
5:20 of 3rd period - Derek Stepan wins face-off versus J.T. Brown in Sasquatch zone.
5:39 of 3rd period - Wrist shot by Jakub Voracek.
5:39 of 3rd period - Shot Misses the Net.
5:45 of 3rd period - Jake Gardiner is hit by Louis Leblanc and loses puck.
6:19 of 3rd period - Slapshot by Michael Del Zotto.
6:19 of 3rd period - Stopped by Anders Lindback without a rebound.
6:20 of 3rd period - Peter Mueller wins face-off versus Stephane Da Costa in Sasquatch zone.
6:28 of 3rd period - Minor Penalty to Oskar Osala for Hooking.
6:29 of 3rd period - Derek Stepan wins face-off versus Brett Maclean in Sasquatch zone.
6:45 of 3rd period - Minor Penalty to Peter Mueller for Hooking.
6:46 of 3rd period - Jamie Arniel wins face-off versus Brandon Bochenski in River Rats zone.
6:46 of 3rd period - Jamie Arniel is hit by Jake Gardiner.
7:42 of 3rd period - Wrist shot by Damien Brunner.
7:42 of 3rd period - Deflect By Kellan Lain.
7:42 of 3rd period - Shot Misses the Net.
7:42 of 3rd period - Puck is out of play.
7:43 of 3rd period - Jamie Arniel wins face-off versus Brandon Bochenski in Sasquatch zone.
8:28 of 3rd period - Penalty to Oskar Osala is over, Oskar Osala is back on ice.
8:45 of 3rd period - Penalty to Peter Mueller is over, Peter Mueller is back on ice.
9:02 of 3rd period - Snap shot by Jamie Arniel.
9:02 of 3rd period - Stopped by Anders Lindback without a rebound.
9:03 of 3rd period - Jamie Arniel wins face-off versus Luke Adam in Sasquatch zone.
9:45 of 3rd period - Damien Brunner is hit by Oskar Osala.
10:09 of 3rd period - Snap shot by Derek Stepan.
10:09 of 3rd period - Deflect By D.J King.
10:09 of 3rd period - Stopped by Braden Holtby with a rebound.
10:11 of 3rd period - Slapshot by Jake Gardiner.
10:11 of 3rd period - Shot Misses the Net.
10:25 of 3rd period - Wrist shot by Michael Del Zotto.
10:25 of 3rd period - Shot Misses the Net.
10:44 of 3rd period - Icing by Jamie Arniel.
10:45 of 3rd period - Josh Bailey wins face-off versus Steve Quailer in River Rats zone.
10:48 of 3rd period - Wrist shot by Brandon Bochenski.
10:48 of 3rd period - Stopped by Braden Holtby without a rebound.
10:49 of 3rd period - Josh Bailey wins face-off versus Kellan Lain in River Rats zone.
11:14 of 3rd period - Joe Corvo is hit by Kellan Lain.
11:55 of 3rd period - Snap shot by Brett Maclean.
11:55 of 3rd period - Shot Blocked by Keith Yandle.
11:57 of 3rd period - Snap shot by Kellan Lain.
11:57 of 3rd period - Stopped by Anders Lindback without a rebound.
11:58 of 3rd period - Peter Mueller wins face-off versus Derek Stepan in Sasquatch zone.
13:09 of 3rd period - Kyle Clifford is hit by Damien Brunner and loses puck.
13:57 of 3rd period - Snap shot by Peter Mueller.
13:57 of 3rd period - Shot Misses the Net.
14:14 of 3rd period - Matt Jones is hit by Jakub Voracek and loses puck.
14:33 of 3rd period - Minor Penalty to Matt Niskanen for Slashing.
14:34 of 3rd period - D.J King wins face-off versus Peter Mueller in Sasquatch zone.
14:34 of 3rd period - D.J King is hit by Peter Mueller.
14:54 of 3rd period - D.J King is hit by Jamie Arniel and loses puck.
16:27 of 3rd period - Snap shot by Josh Bailey.
16:27 of 3rd period - Goal by Josh Bailey - River Rats : 3 - Sasquatch : 4.
16:28 of 3rd period - Peter Mueller wins face-off versus Derek Stepan in neutral zone.
16:33 of 3rd period - Penalty to Matt Niskanen is over, Matt Niskanen is back on ice.
17:10 of 3rd period - Slapshot by Andrej Meszaros.
17:10 of 3rd period - Stopped by Anders Lindback without a rebound.
17:11 of 3rd period - Pierre-Cédric Labrie wins face-off versus Derek Stepan in Sasquatch zone.
17:16 of 3rd period - Wrist shot by Tomas Kubalik.
17:16 of 3rd period - Deflect By Jakub Voracek.
17:16 of 3rd period - Stopped by Anders Lindback without a rebound.
17:17 of 3rd period - Derek Stepan wins face-off versus Jamie Arniel in Sasquatch zone.
17:50 of 3rd period - Cam Atkinson is hit by Peter Mueller.
18:18 of 3rd period - Minor Penalty to Pavel Valentenko for Interference.
18:19 of 3rd period - Derek Stepan wins face-off versus Kellan Lain in River Rats zone.
18:34 of 3rd period - Snap shot by D.J King.
18:34 of 3rd period - Deflect By Jakub Voracek.
18:34 of 3rd period - Shot Misses the Net.
18:34 of 3rd period - Puck is out of play.
18:35 of 3rd period - Derek Stepan wins face-off versus Kellan Lain in River Rats zone.
19:08 of 3rd period - Snap shot by Brandon Bochenski.
19:08 of 3rd period - Stopped by Braden Holtby without a rebound.
19:09 of 3rd period - Benoit Groulx call a timeout for River Rats.
19:09 of 3rd period - Jamie Arniel wins face-off versus Derek Stepan in River Rats zone.
19:09 of 3rd period - Jamie Arniel is hit by D.J King.
Goals for this period are 0 for River Rats vs 1 for Sasquatch.
Shots for this period are 12 for River Rats vs 7 for Sasquatch.
Output by the SimonT Hockey Simulator (STHS) for François Prévost -- Original Page W3C XHTML 1.0 Valid